 Dungeon Crawl Stone Soup version 0.25-a0-829-g4e6a552925 (webtiles) character file.

Game seed: 17762150679494881597, levelgen mode: classic

4241 EnegeticOcto the Fighter (level 10, -2/94 HPs)
             Began as a Minotaur Fighter on Apr 21, 2020.
             Was an Initiate of Gozag.
             Slain by a two-headed ogre
             ... wielding a +0 giant club
              (18 damage)
             ... on level 9 of the Dungeon.
             The game lasted 00:04:34 (8553 turns).

EnegeticOcto the Fighter (Minotaur Fighter)         Turns: 8553, Time: 00:04:34

Health: -2/94      AC: 10    Str: 23    XL:     10   Next: 9%
Magic:  20/20      EV: 12    Int:  5    God:    Gozag
Gold:   640        SH: 11    Dex: 11    Spells: 9/9 levels left

rFire    . . .     SeeInvis .   a - +1 war axe
rCold    + . .     Gourm    .   c - +0 kite shield
rNeg     . . .     Faith    .   b - +0 scale mail
rPois    .         Spirit   .   (helmet restricted)
rElec    +         Reflect  .   q - +1 cloak of Starlight {rElec rC+ EV+4 Stlth--}
rCorr    +         Harm     .   (no gloves)
MR       .....                  (no boots)
Stlth    ..........             (no amulet)
HPRegen  0.25/turn              t - ring of magical power
MPRegen  0.17/turn              r - ring of resist corrosion

@: no status effects
A: retaliatory headbutt, horns 2
a: Potion Petition, Call Merchant, Bribe Branch, Renounce Religion


You were on level 9 of the Dungeon.
You worshipped Gozag.
Gozag was pleased with you.
You were full.

You visited 1 branch of the dungeon, and saw 9 of its levels.
You also visited: Ossuary.

You collected 1423 gold pieces.
You spent 739 gold pieces at shops.
You paid 44 gold pieces to Gozag.

Inventory:

Hand Weapons
 a - a +1 war axe (weapon)
Missiles
 j - a throwing net (quivered)
Armour
 b - a +0 scale mail (worn)
 c - a +0 kite shield (worn)
 q - the +1 cloak of Starlight (worn) {rElec rC+ EV+4 Stlth--}
   (You bought it in a shop on level 6 of the Dungeon)

   It affects your evasion (+4).
   It protects you from cold.
   It insulates you from electricity.
   It makes you much less stealthy.
Jewellery
 r - a ring of resist corrosion (right hand)
 t - a ring of magical power (left hand)
Wands
 g - a wand of paralysis (11)
 p - a wand of polymorph (8)
Scrolls
 f - 3 scrolls of fog
 i - 3 scrolls of remove curse {@r6}
 m - a scroll of immolation {unknown}
 s - 2 scrolls of identify {@r1}
 u - a scroll of blinking {@r3}
Potions
 d - 2 potions of magic
 h - a potion of heal wounds {@q2}
 k - a potion of might {@q3}
 l - 3 potions of ambrosia
 n - 2 potions of haste {@q4}
 o - a potion of cancellation
 v - a potion of flight
 w - a potion of curing {@q1}
Comestibles
 e - 3 rations


   Skills:
 * Level 10.4 Fighting
 * Level 10.1 Axes
 + Level 7.7 Armour
 + Level 7.7 Shields
 + Level 3.3 Evocations


You had 9 spell levels left.
You didn't know any spells.
Your spell library was empty.

Dungeon Overview and Level Annotations

Branches:
Dungeon (9/15)             Temple (0/1) D:4         Ossuary (visited)
   Lair: D:8-11         Orc: D:9-12

Altars:
Ashenzari
Fedhas
Gozag
Hepliaklqana
Okawaru
Ru
Trog
Uskayaw
Vehumet
Xom
The Shining One

Shops:
D:6 ([%**


Innate Abilities, Weirdness & Mutations

You reflexively headbutt those who attack you in melee.
You have a pair of horns on your head.


Message History

You hit the orc warrior.
The orc warrior is almost dead.
You hit the orc wizard. You block the orc warrior's attack.
You block the orc wizard's attack.
You barely miss the orc warrior. Your headbutt misses the orc warrior.
The orc warrior is almost dead.
You slash the orc wizard!
The orc warrior hits you with a +0 long sword.
You block the orc wizard's attack.
You hit the orc warrior. Your headbutt misses the orc warrior.
The orc warrior is almost dead.
You slice the orc wizard!!
You kill the orc wizard!
The orc becomes distracted by the nearby gold, dreaming of imaginary riches.
The orc warrior hits you with a +0 long sword.
You barely miss the orc warrior.
The orc warrior is almost dead.
Your shield and scale mail prevent you from hitting the orc.
The orc is no longer distracted by gold.
You block the orc's attack. You block the orc warrior's attack.
You slash the orc warrior!
You kill the orc warrior!
You slash the orc!
You kill the orc!
You slice the orc!!
You kill the orc!
No target in view!
No target in view!
No target in view!
No target in view!
No target in view!
No target in view!
No target in view!
No target in view!
No target in view!
No target in view!
No target in view!
No target in view!
No target in view!
No target in view!
No target in view!
No target in view!
No target in view!
No target in view!
No target in view!
No target in view!
No target in view!
A two-headed ogre comes into view.
It is wielding a +0 giant club and a +0 giant spiked club.
The two-headed ogre shouts in stereo!
An orc comes into view. It is wielding a +0 dagger.
The orc shouts!
You block the two-headed ogre's attack.
The two-headed ogre hits you with a +0 giant spiked club!
There is a stone staircase leading up here.
You hit the two-headed ogre but do no damage.
You headbutt the two-headed ogre.
The two-headed ogre is lightly wounded.
A bullfrog comes into view.
You block the two-headed ogre's attack. x2; The bullfrog moves out of view.
You hit the two-headed ogre.
The two-headed ogre is lightly wounded.
The two-headed ogre hits you with a +0 giant club!!
The two-headed ogre hits you with a +0 giant spiked club!
You are too injured to fight recklessly!
You are too injured to fight recklessly!
You are too injured to fight recklessly!
You are too injured to fight recklessly!
You are too injured to fight recklessly!
You are too injured to fight recklessly!
You are too injured to fight recklessly!
You are too injured to fight recklessly!
You are too injured to fight recklessly!
You are too injured to fight recklessly!
You are too injured to fight recklessly!
You are too injured to fight recklessly!
You are too injured to fight recklessly!
You are too injured to fight recklessly!
You are too injured to fight recklessly!
You are too injured to fight recklessly!
You are too injured to fight recklessly!
You are too injured to fight recklessly!
You slash the two-headed ogre! You headbutt the two-headed ogre.
The two-headed ogre is heavily wounded.
The two-headed ogre hits you with a +0 giant club!
* * * LOW HITPOINT WARNING * * *
You block the two-headed ogre's attack.
You hit the two-headed ogre.
The two-headed ogre is heavily wounded.
You slash the two-headed ogre!
The two-headed ogre is severely wounded.
The two-headed ogre hits you with a +0 giant club.
* * * LOW HITPOINT WARNING * * *
The two-headed ogre hits you with a +0 giant spiked club!
* * * LOW HITPOINT WARNING * * *
You hit the two-headed ogre but do no damage.
The two-headed ogre is severely wounded.
You hit the orc. The orc hits you but does no damage.
The two-headed ogre hits you with a +0 giant club!!
You die...
Your body crumbles into a pile of gold.

#...# #...# $
#.$.#
#...#####
#.......#
#.......# #
#..Oo...#
##.##..@..$.#
$
.........$..#
$
##.##.......#
#.#.....#
#...#####
##$$.<...#
#.#####?# #.
#.


You could see a two-headed ogre and an orc.

Vanquished Creatures
  2 hippogriffs
  Sigmund (D:4)
  Menkaure (D:7)
  Duvessa (D:6)
  2 orc warriors
  2 sky beasts (D:7)
  4 ice beasts
  4 ogres
  2 phantoms
  2 necrophages
  3 centaurs
  An elf zombie (Ossuary)
  A big kobold (D:7)
  2 bullfrogs
  3 scorpions
  Dowan (D:6)
  4 wights (D:7)
  A howler monkey (D:8)
  2 crimson imps
  2 centaur zombies
  A jelly (D:8)
  2 human zombies (Ossuary)
  3 hounds
  A centaur skeleton (D:6)
  3 orc priests
  A bullfrog skeleton (D:4)
  Jessica (D:3)
  2 orc wizards
  7 worker ants
  4 iguanas
  2 big kobold zombies (Ossuary)
  2 hound skeletons
  Robin (D:3)
  2 mummies (Ossuary)
  10 gnolls
  9 adders
  A river rat (D:6)
  2 adder zombies
  3 adder skeletons
  4 leopard geckos
  16 orcs
  2 ball pythons
  3 giant cockroaches
  2 gnoll zombies (Ossuary)
  15 goblins
  5 hobgoblins
  4 jackals
  3 quokkas
  3 bats
  2 frilled lizards
  3 goblin zombies (Ossuary)
  A hobgoblin zombie (Ossuary)
  A jackal skeleton (D:4)
  8 kobolds
  A leopard gecko skeleton (D:4)
  2 orc zombies (Ossuary)
  A quokka skeleton (D:5)
  4 rats
178 creatures vanquished.

Notes
Turn   | Place    | Note
-------+----------+-------------------------------------------
     0 | D:1      | EnegeticOcto the Minotaur Fighter began the quest for the
                  | Orb.
     0 | D:1      | Reached XP level 1. HP: 19/19 MP: 0/0
   335 | D:1      | Reached XP level 2. HP: 27/27 MP: 1/1
   660 | D:2      | Reached XP level 3. HP: 28/33 MP: 2/2
   715 | D:3      | Noticed Robin
   732 | D:3      | Killed Robin
   732 | D:3      | Reached XP level 4. HP: 30/41 MP: 3/3
   984 | D:3      | Reached skill level 5 in Fighting
   993 | D:3      | Reached XP level 5. HP: 24/48 MP: 4/4
  1243 | D:3      | Found an opulent altar of Gozag.
  1263 | D:3      | Became a worshipper of Gozag Ym Sagoz the Greedy
  1299 | D:3      | Noticed Jessica
  1300 | D:3      | Found a sacrificial altar of Ru.
  1306 | D:3      | Killed Jessica
  1362 | D:3      | Noticed a +0 hand axe
  1363 | D:3      | Noticed a +0 hand axe
  1365 | D:3      | Found a hide-covered altar of Uskayaw.
  1766 | D:4      | Found a blossoming altar of Fedhas.
  1766 | D:4      | Found a bloodstained altar of Trog.
  1840 | D:4      | Reached XP level 6. HP: 39/56 MP: 5/5
  2122 | D:4      | Found a shattered altar of Ashenzari.
  2186 | D:4      | Reached skill level 5 in Axes
  2238 | D:4      | Found an iron altar of Okawaru.
  2632 | D:4      | Noticed Sigmund
  2641 | D:4      | Killed Sigmund
  2641 | D:4      | Reached skill level 5 in Armour
  2641 | D:4      | Reached skill level 5 in Shields
  2641 | D:4      | Reached XP level 7. HP: 47/64 MP: 6/6
  2747 | D:4      | Found a staircase to the Ecumenical Temple.
  2882 | D:5      | Entered Level 5 of the Dungeon
  3254 | D:5      | Found a sand-covered staircase.
  3260 | Ossuary  | Entered an ossuary
  3655 | Ossuary  | Reached XP level 8. HP: 72/73 MP: 7/7
  3833 | D:5      | Found a radiant altar of Vehumet.
  4184 | D:6      | Found Luaj's General Store.
  4353 | D:6      | Noticed Dowan
  4356 | D:6      | Killed Dowan
  4357 | D:6      | Noticed Duvessa
  4374 | D:6      | Killed Duvessa
  4612 | D:6      | Found Japuk's Assorted Antiques.
  4620 | D:6      | Bought a scroll labeled CUTZUA DIFIM for 36 gold pieces
  4620 | D:6      | Bought a scroll labeled ENTIES JOARORR for 36 gold pieces
  5068 | D:6      | Found Ykhlimn's Armour Shop.
  5101 | D:6      | Reached skill level 1 in Evocations
  5381 | D:6      | Found Buulleup's Antique Weapon Boutique.
  5448 | D:6      | Bought the +1 cloak of Starlight {rElec rC+ EV+4 Stlth--}
                  | for 667 gold pieces
  5448 | D:6      | Found the +1 cloak of Starlight {rElec rC+ EV+4 Stlth--}
  5464 | D:6      | Found Syalifos's Food Shop.
  5880 | D:7      | Reached XP level 9. HP: 24/82 MP: 9/9
  6331 | D:7      | Noticed Menkaure
  6343 | D:7      | Killed Menkaure
  6617 | D:7      | Found a shimmering altar of Xom.
  6617 | D:7      | Found a shimmering altar of Xom.
  6617 | D:7      | Found a shimmering altar of Xom.
  6617 | D:7      | Found a shimmering altar of Xom.
  6617 | D:7      | Found a shimmering altar of Xom.
  6622 | D:7      | Found a shimmering altar of Xom.
  6839 | D:7      | Noticed a polar bear
  7147 | D:8      | Found a glowing golden altar of the Shining One.
  7454 | D:8      | Reached skill level 10 in Fighting
  7909 | D:8      | Reached XP level 10. HP: 80/93 MP: 11/11
  8073 | D:8      | Found a hazy altar of Hepliaklqana.
  8223 | D:8      | Reached skill level 10 in Axes
  8543 | D:9      | Noticed a two-headed ogre
  8553 | D:9      | Slain by a two-headed ogre

Levels and vault maps discovered:
D:1:      ncdulo_watergridlock, layout_basic
D:2:      layout_basic
D:3:      layout_loops_ring, lemuel_round_altar, dancing_weapons_uskayaw,
          first_ration, nicolae_gozag_cash_rules_everything_around_me,
          uniq_robin, uniq_jessica
D:4:      layout_loops_corners, kennysheep_mini_moat,
          chequers_temple_overflow_statue_of_worship,
          minmay_temple_entry_antechambers, evilmike_ruin_ashenzari,
          uniq_sigmund
D:5:      layout_rooms, nicolae_ossuary_entry_plus, basic_altar,
          nicolae_underground_beach
D:6:      layout_loops_ring, serial_shops, shop, shop, shop, shop,
          nicolae_shop_behind_doors, minivault_4, uniq_duvessa
D:7:      layout_cave_pools, xom_shifter_show, uniq_menkaure
D:8:      layout_layer_cave, old_standard_altar, nicolae_overflow_hidden_temple
D:9:      layout_loops_cross, nicolae_overflow_crystal_walls

Skill      XL: |  1  2  3  4  5  6  7  8  9 10 |
---------------+-------------------------------+-----
Fighting       | 4 5 6 7 8 10 | 10.4
Axes           | 3 4 5 6 8 9 10 | 10.1
Armour         | 4 5 6 7 |  7.7
Shields        | 4 5 6 7 |  7.7
Evocations     | 1 3 |  3.3

Action                   |  1- 3 |  4- 6 |  7- 9 | 10-12 || total
-------------------------+-------+-------+-------+-------++-------
Melee: War axe           |    57 |   104 |   325 |    25 ||   511
       Headbutt          |     6 |    20 |    63 |     4 ||    93
Invok: Potion Petition   |       |       |     1 |       ||     1
Evoke: Wand              |       |       |     3 |       ||     3
  Use: Scroll            |       |       |    18 |       ||    18
 Stab: Sleeping          |       |       |     4 |       ||     4
       Paralysed         |       |       |     3 |       ||     3
       Distracted        |       |       |     1 |       ||     1
  Eat: Ration            |       |     2 |     4 |     2 ||     8
       Chunk             |       |     2 |       |       ||     2
Armor: Scale mail        |    23 |    32 |   109 |     5 ||   169
Dodge: Dodged            |    20 |    23 |   114 |     8 ||   165
Block: Kite shield       |    40 |    47 |   173 |    12 ||   272

Table legend:
 A = Non-vault XP
 B = Vault XP
 C = Vault XP percentage of total XP
 D = Non-vault monster count
 E = Vault monster count
 F = Vault count percentage of total count
                 A         B        C        D         E       F
            +---------+---------+-------+---------+---------+-------
      Total |    5029 |    1030 |  17.0 |     144 |      34 |  19.1
            +---------+---------+-------+---------+---------+-------
        D:1 |      12 |       0 |   0.0 |       7 |       0 |   0.0
        D:2 |      36 |       0 |   0.0 |       7 |       0 |   0.0
        D:3 |     182 |      77 |  29.7 |      27 |      14 |  34.1
        D:4 |     285 |     231 |  44.8 |      13 |       1 |   7.1
        D:5 |     479 |       0 |   0.0 |      20 |       0 |   0.0
        D:6 |     704 |     222 |  24.0 |      15 |       2 |  11.8
        D:7 |    1507 |     172 |  10.2 |      26 |       1 |   3.7
        D:8 |    1567 |       0 |   0.0 |      23 |       0 |   0.0
        D:9 |     257 |       0 |   0.0 |       6 |       0 |   0.0
    Ossuary |       0 |     328 | 100.0 |       0 |      16 | 100.0
            +---------+---------+-------+---------+---------+-------
